 Dungeon Crawl Stone Soup version 0.30-a0-808-g6e0788376e (webtiles) character file.

Game seed: 15737009834665308814

970 cforsyth the Covert (level 8, -7/50 HPs)
             Began as a Kobold Brigand on Feb 25, 2023.
             Mangled by a yak (16 damage)
             ... in the Ecumenical Temple.
             The game lasted 00:06:11 (6066 turns).

cforsyth the Covert (Kobold Brigand)                Turns: 6066, Time: 00:06:11

Health: -7/50      AC:  3    Str:  8    XL:     8   Next: 38%
Magic:  8/8        EV: 17    Int: 13    God:
Gold:   304        SH:  0    Dex: 18    Spells: 7/7 levels left

rFire   . . .      SeeInvis .    f - +2 dagger (venom)
rCold   . . .      Faith    .    (no shield)
rNeg    . . .      Spirit   .    b - +0 robe
rPois   .          Reflect  .    (no helmet)
rElec   .          Harm     .    c - +0 cloak
rCorr   .          Rampage  .    (no gloves)
Will    .....                    (no boots)
Stlth   +++++                    (no amulet)
HPRegen 0.28/turn                (no ring)
MPRegen 0.11/turn                (no ring)

@: no status effects
A: small, no large weapons, nightstalker 3
a: no special abilities


You were in the Ecumenical Temple.
You visited 2 branches of the dungeon, and saw 6 of its levels.

You collected 304 gold pieces.

Inventory:

Hand Weapons
 a - a +2 dagger
 f - a +2 dagger of venom (weapon)
Missiles
 d - 9 poisoned darts (quivered)
 e - 3 curare-tipped darts
Armour
 b - a +0 robe (worn)
 c - a +0 cloak (worn)
Wands
 t - a wand of quicksilver (4)
Scrolls
 g - a scroll of amnesia {unknown}
 i - a scroll of magic mapping {unknown}
 j - a scroll of immolation
 l - a scroll of blinking
 o - a scroll of vulnerability {unknown}
 r - a scroll of teleportation {unknown}
 s - a scroll of identify {unknown}
Potions
 h - a potion of degeneration
 k - 2 potions of resistance
 m - 2 potions of curing
 q - a potion of brilliance {unknown}


   Skills:
 + Level 5.4 Fighting
 + Level 6.5 Short Blades
 - Level 2.1 Throwing
 + Level 5.4 Dodging
 + Level 8.4 Stealth


You had 7 spell levels left.
You didn't know any spells.
Your spell library was empty.

Dungeon Overview and Level Annotations

Branches:
Dungeon (5/15)             Temple (1/1) D:5

Altars:
Ashenzari
Cheibriados
Dithmenos
Fedhas
Trog
Uskayaw
Wu Jian
Xom
Yredelemnul
Zin
The Shining One


Innate Abilities, Weirdness & Mutations

You are small and have problems with some larger weapons.
You are completely attuned to the shadows.


Message History

You climb upwards.
Welcome back to the Dungeon!
There is a staircase to the Ecumenical Temple, spattered with blood here.
The yak misses you.
You climb downwards.
Welcome back to the Ecumenical Temple!
There is a staircase back to the Dungeon, spattered with blood here.
The yak gores you!
You hit the yak.
The yak is poisoned.
The yak is lightly wounded.
The yak closely misses you.
You closely miss the yak.
The yak is lightly wounded.
The yak gores you!
You hit the yak.
The yak looks as sick as possible!
The yak is lightly wounded.
The yak attacks as you move away! The yak completely misses you.
You hit the yak but do no damage.
The yak looks as sick as possible!
The yak is lightly wounded.
The yak misses you.
You hit the yak but do no damage.
The yak looks as sick as possible!
The yak is lightly wounded.
The yak completely misses you.
You hit the yak.
The yak looks as sick as possible!
The yak is moderately wounded.
You barely miss the yak.
The yak is moderately wounded.
The yak barely misses you.
You hit the yak.
The yak looks as sick as possible!
The yak is heavily wounded.
You barely miss the yak.
The yak is heavily wounded.
The yak gores you.
You hit the yak.
The yak is heavily wounded.
The yak gores you!
* * * LOW HITPOINT WARNING * * *
The yak attacks as you move away! The yak barely misses you.
The yak attacks as you move away! The yak gores you.
* * * LOW HITPOINT WARNING * * *
The yak attacks as you move away! The yak gores you!
You die...

♣♣♣♣♣♣♣♣ .......♣ P.....P♣
..._..P♣ .......♣
.......###################
....P..#.8..8..8..8..8...#
...PP..'................)#
._.....'........@Y......<#
.......'.................#
.......#.8..8..8..8..8...#
.......###################
.......♣ .P._...♣ .......♣
P......♣ ♣♣♣♣♣♣♣♣


You could see a yak (extremely poisoned).

Vanquished Creatures
  2 yaks (Temple)
  A water moccasin (Temple)
  A centaur (D:5)
  An ogre (D:5)
  A scorpion (D:5)
  3 hounds
  An orc priest (Temple)
  A gnoll (D:1)
  12 adders
  A worm (D:3)
  2 dart slugs
  14 orcs
  2 ball pythons
  6 endoplasms
  7 giant cockroaches
  20 goblins
  3 hobgoblins
  6 jackals
  5 quokkas
  6 bats
  3 frilled lizards
  5 kobolds
  7 rats
110 creatures vanquished.

Notes
Turn   | Place    | Note
-------+----------+-------------------------------------------
     0 | D:1      | cforsyth the Kobold Brigand began the quest for the Orb.
     0 | D:1      | Reached XP level 1. HP: 12/12 MP: 1/1
   152 | D:1      | Reached XP level 2. HP: 18/18 MP: 2/2
   163 | D:1      | You fall into a shaft and drop 1 floor!
   490 | D:1      | Reached XP level 3. HP: 22/22 MP: 3/3
  1418 | D:1      | Reached XP level 4. HP: 27/27 MP: 4/4
  1703 | D:2      | Reached skill level 6 in Stealth
  1942 | D:2      | Found a broken altar of Ashenzari.
  3106 | D:3      | Reached XP level 5. HP: 32/32 MP: 5/5
  3764 | D:4      | Reached XP level 6. HP: 38/38 MP: 6/6
  3969 | D:4      | Found a basalt altar of Yredelemnul.
  4500 | D:5      | Entered Level 5 of the Dungeon
  4510 | D:5      | Reached skill level 7 in Stealth
  4511 | D:5      | Noticed an ogre
  4515 | D:5      | Killed an ogre
  4516 | D:5      | Reached skill level 5 in Short Blades
  4516 | D:5      | Reached XP level 7. HP: 43/43 MP: 7/7
  4552 | D:5      | Found a staircase to the Ecumenical Temple.
  4594 | Temple   | Entered the Ecumenical Temple
  4733 | D:5      | Noticed a water moccasin
  4765 | Temple   | Killed a water moccasin
  5225 | D:5      | Noticed a yak
  5229 | D:5      | Noticed a yak
  5362 | D:5      | Noticed a yak
  5377 | Temple   | Killed a yak
  5378 | Temple   | Reached skill level 5 in Fighting
  5378 | Temple   | Reached skill level 5 in Dodging
  5378 | Temple   | Reached skill level 8 in Stealth
  5378 | Temple   | Reached XP level 8. HP: 23/49 MP: 8/8
  5690 | Temple   | Killed a yak
  6066 | Temple   | Mangled by a yak

Illustrated notes

Levels and vault maps discovered:
D:1:      lordsloth_arrival_two_stooges, layout_loops_corners
D:2:      cheibrodos_greedy_goblins, layout_basic, basic_altar
D:3:      layout_rooms
D:4:      layout_cave_pools, mainiacjoe_overflow_surrounded_room,
          nicolae_half_adder
D:5:      layout_cave_pools, minmay_temple_entry_glassed_door,
          minmay_misc_feat_chi, minmay_increasing_density,
          uniq_crazy_yiuf_cottage, uniq_prince_ribbit1
Temple:   cyrus_temple_forest

Skill      XL: |  1  2  3  4  5  6  7 |
---------------+----------------------+-----
Short Blades   | 3 4 5 6 |  6.5
Dodging        | 2 3 4 5 |  5.4
Stealth        | 6 7 8 |  8.4
Fighting       | 3 4 5 |  5.4
Throwing       | |  2.1

Action                     |  1- 3 |  4- 6 |  7- 9 || total
---------------------------+-------+-------+-------++-------
  Melee: Dagger            |    66 |   200 |    95 ||   361
         Punch             |       |     1 |     3 ||     4
    Use: Potion            |       |     3 |     3 ||     6
         Scroll            |       |     2 |     1 ||     3
   Stab: Sleeping          |    17 |    22 |     2 ||    41
         Distracted        |       |     1 |       ||     1
 Armour: Robe              |    10 |    40 |     4 ||    54
  Dodge: Dodged            |    32 |   158 |    66 ||   256

Table legend: (Time is in decaauts)
 A = Elapsed time spent in this place.
 B = Non-inter-level travel time spent in this place.
 C = Inter-level travel time spent in this place.
 D = Time resting spent in this place.
 E = Time spent auto-exploring this place.
 F = Levels seen in this place.
 G = Mean time per level.
                   A        B        C        D        E       F      G
               +--------+--------+--------+--------+--------+-----+--------+
         Total |   5980 |   5703 |    277 |   1910 |   3052 |   6 |  996.7 |
       Dungeon |   4623 |   4391 |    232 |    768 |   2974 |   5 |  924.6 |
        Temple |   1356 |   1312 |     44 |   1142 |     78 |   1 | 1356.0 |
               +--------+--------+--------+--------+--------+-----+--------+

Top non-repeatable levels by time:
     D:2: 1814 daAuts
  Temple: 1356 daAuts
     D:1: 1227 daAuts
     D:4: 809 daAuts
     D:3: 604 daAuts
     D:5: 167 daAuts
